 Dungeon Crawl Stone Soup version 0.31-a0-102-g33a4ccc0cb (webtiles) character file.

Game seed: 13044722449077595815

30 Esekla the Sneak (level 3, 26/26 HPs)
             Began as an Octopode Delver on May 26, 2023.
             Quit the game in the Ecumenical Temple.
             The game lasted 00:01:32 (164 turns).

Esekla the Sneak (Octopode Delver)                   Turns: 164, Time: 00:01:33

Health: 26/26      AC:  1    Str: 11    XL:     3   Next: 18%
Magic:  3/3        EV: 13    Int: 14    God:
Gold:   26         SH:  0    Dex: 13    Spells: 3/3 levels left

rFire   . . .        a - +0 falchion
rCold   . . .        (no shield)
rNeg    . . .        (helmet restricted)
rPois   .            (no amulet)
rElec   .            (no ring)
rCorr   .            (no ring)
SInv    .            (no ring)
Will    .....        (no ring)
Stlth   ++++         (no ring)
HPRegen 0.24/turn    (no ring)
MPRegen 0.08/turn    (no ring)
                     (no ring)

%: no passive effects
@: no status effects
A: almost no armour, amphibious, 8 rings, camouflage 1, gelatinous body 1,
(nimble swimmer 1), tentacles
a: no special abilities


You were in the Ecumenical Temple.
You visited 2 branches of the dungeon, and saw 2 of its levels.

You collected 26 gold pieces.

Inventory:

Hand Weapons
 a - a +0 falchion (weapon)
Wands
 f - a wand of digging (3)
Scrolls
 b - a scroll of fog
 d - a scroll of fear
Potions
 e - a potion of haste


   Skills:
 * Level 3.2 Fighting
 * Level 2.2 Long Blades
 * Level 2.2 Dodging
 + Level 7.1 Stealth
 * Level 0.6 Spellcasting


You had 3 spell levels left.
You didn't know any spells.
Your spell library was empty.

Dungeon Overview and Level Annotations

Branches:
Dungeon (5/15)             Temple (1/1) D:5

Altars:
Ashenzari
Dithmenos
Elyvilon
Fedhas
Kikubaaqudgha
Qazlal
Wu Jian
Yredelemnul
Zin


Innate Abilities, Weirdness & Mutations

You cannot wear most types of armour.
You are amphibious.
You can wear up to eight rings at the same time.
Your skin changes colour to match your surroundings (Stealth+).
Your rubbery body absorbs attacks. (AC +1, EV +1)
((You are camouflaged when in or above water. (Stealth+)))
You have tentacles for arms and can constrict up to eight enemies at once.


Message History

You constrict the hound. The hound bites you but does no damage.
The hound barely misses you.
You barely miss the hound.
The hound is heavily wounded.
You constrict the hound, but do no damage.
The hound bites you. The hound closely misses you.
You hit the hound.
The hound is severely wounded.
You constrict the hound. The hound bites you.
You hit the hound but do no damage.
The hound is almost dead.
You constrict the hound.
You kill the hound!
Your Stealth skill increases to level 7!
You have reached level 2!
You have reached level 3!
Your experience leads to an increase in your attributes!
Increase (S)trength, (I)ntelligence, or (D)exterity?
You feel clever. x2
You start resting.
HP restored.
Found a staircase to the Ecumenical Temple.
Found a chain mail and 26 gold pieces.
Found a stone staircase leading down.
You now have 13 gold pieces.
You now have 26 gold pieces (gained 13).
There is a staircase to the Ecumenical Temple here.
You climb downwards.
Welcome to the Ecumenical Temple!
There is a staircase back to the Dungeon here.
Found an ornate altar of the Wu Jian Council.
Found a basalt altar of Yredelemnul.
Found three altars.
Found a glowing silver altar of Zin and a white marble altar of Elyvilon.
Found an ancient bone altar of Kikubaaqudgha and a shadowy altar of Dithmenos.
There is a broken altar of Ashenzari here.
Are you sure you want to abandon this character and quit the game? (Confirm with "yes".)
Okay, then.
Search for what [? for help]?
Gozag Can't find anything matching that.
Are you sure you want to abandon this character and quit the game? (Confirm with "yes".)

### #######
#######<###
##.....###..........
##.......####........
##.........####.......
#...........# #.......
#....@......# ##.....#
#...........# ##.....#
#...........###...#...
##..............#####.
##.......####### ##
###.##### ##......##
##........## ########
#..........# ##.......


There were no monsters in sight!

Vanquished Creatures
  A hound (D:5)
1 creature vanquished.

Notes
Turn   | Place    | Note
-------+----------+-------------------------------------------
     0 | D:5      | Esekla the Octopode Delver began the quest for the Orb.
     0 | D:5      | Reached XP level 1. HP: 16/16 MP: 1/1
    33 | D:5      | Noticed an ice beast
    46 | D:5      | Noticed a hound
    53 | D:5      | Killed a hound
    54 | D:5      | Reached skill level 7 in Stealth
    54 | D:5      | Reached XP level 2. HP: 18/21 MP: 2/2
    54 | D:5      | Reached XP level 3. HP: 22/26 MP: 3/3
    72 | D:5      | Found a staircase to the Ecumenical Temple.
    92 | Temple   | Entered the Ecumenical Temple
   164 | Temple   | Quit the game

Illustrated notes

Levels and vault maps discovered:
D:5:      layout_loops_ring, minmay_temple_entry_overgrown
Temple:   kb_temple_of_zot

Skill      XL: |  1 |
---------------+----+-----
Stealth        | 7 |  7.1
Fighting       | |  3.2
Long Blades    | |  2.2
Dodging        | |  2.2
Spellcasting   | |  0.6

Action                     || total
---------------------------++-------
  Melee: Falchion          ||     4
         Constrict         ||     1
    Use: Scroll            ||     1
   Stab: Sleeping          ||     1
 Armour: Skin              ||     1
  Dodge: Dodged            ||     2

Table legend: (Time is in decaauts)
 A = Elapsed time spent in this place.
 B = Non-inter-level travel time spent in this place.
 C = Inter-level travel time spent in this place.
 D = Time resting spent in this place.
 E = Time spent auto-exploring this place.
 F = Levels seen in this place.
 G = Mean time per level.
                   A        B        C        D        E       F      G
               +--------+--------+--------+--------+--------+-----+--------+
         Total |    164 |    164 |      0 |     13 |      0 |   2 |   82.0 |
       Dungeon |     92 |     92 |      0 |     13 |      0 |   1 |   92.0 |
        Temple |     71 |     71 |      0 |      0 |      0 |   1 |   71.0 |
               +--------+--------+--------+--------+--------+-----+--------+

Top non-repeatable levels by time:
     D:5: 92 daAuts
  Temple: 71 daAuts
